 Dungeon Crawl Stone Soup version 0.25.1-2-g60ff931df9 (webtiles) character file.

Game seed: 6884588221077318452

55572 Cykl0x the Fencer (level 15, -3/128 HPs)
             Began as a Formicid Fighter on Oct 6, 2020.
             Was a High Priest of the Shining One.
             Killed by divine providence
             ... invoked by a meliai
              (16 damage)
             ... on level 15 of the Dungeon.
             The game lasted 01:12:13 (19587 turns).

Cykl0x the Fencer (Formicid Fighter)               Turns: 19587, Time: 01:12:14

Health: -3/128     AC: 15    Str: 24    XL:     15   Next: 18%
Magic:  31/31      EV: 25    Int:  8    God:    the Shining One [*****.]
Gold:   129        SH: 16    Dex: 10    Spells: 14/14 levels left

rFire    . . .     SeeInvis +   y - +4 great sword
rCold    + . .     Gourm    .   u - +3 kite shield {reflect}
rNeg     + + +     Faith    .   R - +3 chain mail
rPois    .         Spirit   .   (helmet unavailable)
rElec    .         Reflect  +   i - +1 cloak {rC+}
rCorr    .         Harm     .   (no gloves)
MR       +....                  S - -3 pair of boots of Infinity {rN+ Str-3 Slay+5 SInv} (curse)
Stlth    ..........             T - amulet of Qeaptor {Acrobat MP+9}
HPRegen  0.31/turn              m - ring of positive energy
MPRegen  0.22/turn              D - +4 ring of slaying

@: acrobat, glowing, studying Long Blades
A: permanent stasis, dig shafts and tunnels, four strong arms, antennae 3,
robust 1, evolution 1, MP-powered wands
a: Dig, Shaft Self, Divine Shield, Cleansing Flame, Summon Divine Warrior,
Renounce Religion


You were on level 15 of the Dungeon.
You worshipped the Shining One.
The Shining One was extremely pleased with you.
You were hungry.

You visited 2 branches of the dungeon, and saw 16 of its levels.
You also visited: Ossuary, Bailey and Ice Cave.

You collected 1343 gold pieces.
You spent 1214 gold pieces at shops.

Inventory:

Hand Weapons
 b - a +4 scimitar of flaming
 y - a +4 great sword (weapon)
Missiles
 a - 41 boomerangs (quivered)
 e - 726 stones
 F - 5 javelins
Armour
 i - a +1 cloak of cold resistance (worn)
 u - a +3 kite shield of reflection (worn)
 R - a +3 chain mail (worn)
 S - the cursed -3 pair of boots of Infinity (worn) {rN+ Str-3 Slay+5 SInv}
   (You found it on level 14 of the Dungeon)

   It affects your strength (-3).
   It affects your accuracy and damage with ranged weapons and melee attacks
   (+5).
   It protects you from negative energy.
   It lets you see invisible.
   It has a curse placed upon it.
Jewellery
 m - a ring of positive energy (left hand)
 r - an uncursed ring of flight
 C - an uncursed ring of wizardry
 D - a +4 ring of slaying (right hand)
 K - an uncursed ring of stealth
 P - an uncursed amulet of faith
 T - the amulet of Qeaptor (around neck) {Acrobat MP+9}
   (You found it in an ice cave)

   [amulet of the acrobat]

   It helps you evade while moving and waiting.
   It affects your magic capacity (+9).
Wands
 p - a wand of acid (14)
 s - a wand of flame (13)
 E - a wand of paralysis (7)
 H - a wand of digging (8)
 M - a wand of iceblast (20)
 O - a wand of enslavement (9)
 Q - a wand of polymorph (2)
Scrolls
 c - a scroll of identify
 g - 6 scrolls of remove curse
 j - 2 scrolls of amnesia
 w - a scroll of immolation
 B - 5 scrolls of fog
 I - a scroll of fear
Potions
 d - 3 potions of might
 h - 2 potions of mutation
 k - 3 potions of heal wounds
 l - 5 potions of curing
 n - a potion of lignification
 o - 4 potions of brilliance
 q - 10 potions of stabbing
 v - 6 potions of berserk rage
 x - a potion of resistance
 z - 4 potions of flight
 N - a potion of magic
Books
 t - a manual of Long Blades
Miscellaneous
 G - a tin of tremorstones (3/3)
 J - a phial of floods
Comestibles
 f - 22 rations


   Skills:
 + Level 10.4 Fighting
 + Level 16.2 Long Blades
   Level 1.8 Maces & Flails
 + Level 6.3 Throwing
 + Level 10.0 Armour
 + Level 4.3 Dodging
 + Level 1.8 Stealth
 + Level 12.5 Shields
 + Level 0.3 Unarmed Combat
 + Level 10.0 Invocations
 + Level 0.9 Evocations


You had 14 spell levels left.
You didn't know any spells.
Your spell library contained the following spells:

 Spells                   Type           Power        Failure   Level  Hunger
 Animate Skeleton         Necr           N/A          93%         1    ##.....
 Apportation              Tloc           #.....       93%         1    ##.....
 Beastly Appendage        Tmut           #.....       93%         1    ##.....
 Corona                   Hex            #......      93%         1    ##.....
 Pain                     Necr           #...         93%         1    ##.....
 Sandblast                Erth           #.....       93%         1    ##.....
 Sting                    Tmut/Pois      #...         93%         1    ##.....
 Summon Butterflies       Summ           #.......     93%         1    ##.....
 Summon Small Mammal      Summ           #...         93%         1    ##.....
 Passwall                 Tmut/Erth      #.......     98%         2    ###....
 Lesser Beckoning         Tloc           #.........   100%        3    ####...
 Mephitic Cloud           Conj/Pois/Air  #.......     100%        3    ####...
 Stone Arrow              Conj/Erth      #.....       100%        3    ####...
 Tukima's Dance           Hex            #.......     100%        3    ####...
 Vampiric Draining        Necr           #.........   100%        3    ####...
 Animate Dead             Necr           N/A          100%        4    #####..
 Petrify                  Tmut/Erth      #.......     100%        4    #####..
 Agony                    Necr           #.......     100%        5    ######.
 Alistair's Intoxication  Tmut/Pois      #.......     100%        5    ######.
 Lee's Rapid Deconstruct  Erth           #.........   100%        5    ######.
 Conjure Ball Lightning   Conj/Air       #.........   100%        6    #######
 Invisibility             Hex            #.......     100%        6    #######
 Tornado                  Air            #.........   100%        9    #######


Dungeon Overview and Level Annotations

Branches:
Dungeon (15/15)            Temple (1/1) D:5            Lair (0/6) D:11
    Orc (0/2) D:11         Vaults (0/5) D:14        Ossuary (visited)
 Bailey (visited)           IceCv (visited)
 Depths: D:15

Altars:
Ashenzari
Cheibriados
Dithmenos
Elyvilon
Fedhas
Gozag
Hepliaklqana
Kikubaaqudgha
Makhleb
Nemelex Xobeh
Okawaru
Qazlal
Ru
Sif Muna
Trog
Uskayaw
Vehumet
Wu Jian
Xom
Yredelemnul
Zin
The Shining One

Shops:
D:4 :   D:5 [   D:9 }

Annotations:
D:5 1 runed translucent door, Elkerch's ghost, amateur CeAM
D:11 2 transporters, Exporg's ghost, journeyman TrFi


Innate Abilities, Weirdness & Mutations

You cannot be hasted, slowed, berserked, paralysed or teleported.
You can dig through walls and to a lower floor.
Your four strong arms can wield two-handed weapons with a shield.
You have a pair of large antennae on your head. (SInv)
You are robust. (+10% HP)
You evolve.
You expend magic power (3 MP) to strengthen your wands.


Message History

The meliai misses you. You block the meliai's attack.
The slime creature barely misses you.
You riposte.
You slice the slime creature like a ripe choko!!!
The slime creature is severely wounded.
Two slime creatures merge to form a very large slime creature.
Two slime creatures merge to form a titanic slime creature.
The meliai closely misses you. You block the meliai's attack.
The meliai closely misses you. x2
You hear two shouts! x2
The meliai completely misses you. You block the meliai's attack.
The meliai completely misses you. The meliai closely misses you.
A two-headed ogre comes into view.
It is wielding a +0 giant club and a +0 giant spiked club.
The meliai misses you.
You riposte.
You slice the meliai!!
The meliai is almost dead.
The meliai closely misses you.
The meliai calls upon its god to heal the meliai.
The meliai is healed somewhat.
The meliai calls down the wrath of its god upon you.
Something smites you!
You die...

♣♣ ♣♣♣.♣♣♣ ♣♣###....##......# .♣♣
♣♣.....♣♣ ♣♣........##......#
..♣♣♣.......♣♣♣.........##......#
...♣...≈≈≈.(.♣...≈≈≈....##yy...#
≈.....≈≈≈≈≈.....≈≈≈≈≈...##)(..#
≈.....≈≈_≈≈.....≈≈♣≈≈...##'###
≈.....≈≈≈≈≈.....≈≈≈≈≈........#
...♣...≈≈≈...♣...≈≈≈.....(...#
..♣♣♣.......♣♣♣.@.yJc........#
.♣♣ ♣♣.....♣♣ ♣♣..yO.........# ♣♣
♣♣♣.♣♣♣ ♣♣.(..........# # ♣♣♣
#..O...(.....# # #............# #
........[....# .....O.........
...#..........


You could see a titanic slime creature, a two-headed ogre, a yaktaur, 2 ogres
and 2 meliai.

Vanquished Creatures
  Josephine (D:10)
  Harold (D:9)
  A yaktaur captain (D:14)
  A vault guard (D:14)
  3 hydras
  A rakshasa (D:14)
  The ghost of Liesioguti the Covert, a journeyman OpAs of Wu Jian (D:10)
  6 centaur warriors
  3 two-headed ogres
  5 tengu warriors
  3 skeletal warriors (D:11)
  6 unseen horrors
  Pikel (D:9)
  2 wizards (D:12)
  A phantasmal warrior (D:14)
  A wolf spider zombie (D:14)
  4 harpies (D:13)
  3 deep elf magi
  15 ugly things
  A manticore (D:14)
  3 cyclopes
  2 ice statues (IceCv)
  Joseph (D:8)
  Psyche (D:10)
  A kobold demonologist (D:15)
  5 ice devils (IceCv)
  A komodo dragon (D:12)
  A rime drake (shapeshifter) (D:14)
  A freezing wraith (D:14)
  3 yaktaurs (D:15)
  An efreet (D:13)
  A tengu conjurer (D:14)
  A queen bee (D:12)
  4 meliai
  6 trolls
  A merfolk (D:10)
  6 hippogriffs
  6 wraiths
  4 shadows
  14 yaks
  2 wyverns
  A basilisk (D:12)
  A vampire mosquito (D:12)
  3 hungry ghosts
  2 wargs (D:11)
  2 acid dragons (D:12)
  A soldier ant (shapeshifter) (D:15)
  Duvessa (D:4)
  2 water moccasins
  5 ice beasts
  2 sky beasts
  A hornet zombie (D:13)
  11 orc warriors
  2 black bears
  3 phantoms
  An eye of draining (D:14)
  8 ogres
  11 centaurs
  A crocodile (D:13)
  3 big kobolds
  A wyvern zombie (D:12)
  4 bullfrogs
  Dowan (D:4)
  11 scorpions
  17 killer bees
  10 wights
  4 crimson imps
  A quasit (D:12)
  5 hounds
  A bullfrog skeleton (D:10)
  A bullfrog zombie (D:9)
  3 human zombies
  4 jellies
  4 centaur zombies
  3 orc priests
  4 centaur skeletons
  A gnoll shaman (D:8)
  Crazy Yiuf (D:4)
  Jessica (D:2)
  A human skeleton (D:7)
  3 iguanas
  10 orc wizards
  9 worker ants
  2 big kobold zombies (Ossuary)
  3 mummies (Ossuary)
  A hound skeleton (D:11)
  Robin (D:4)
  4 gnolls (D:8)
  4 scorpion zombies (Ossuary)
  21 adders
  A shadow imp (D:8)
  3 white imps (IceCv)
  8 ufetubi (IceCv)
  An ooze (D:3)
  2 adder skeletons (D:6)
  A worm (D:4)
  2 dart slugs
  5 leopard geckos
  45 orcs
  6 ball pythons (D:3)
  5 bats
  7 giant cockroaches
  A gnoll zombie (Ossuary)
  21 goblins
  14 hobgoblins
  8 jackals
  28 kobolds
  5 quokkas
  6 frilled lizards
  A goblin zombie (Ossuary)
  A hobgoblin zombie (Ossuary)
  2 kobold zombies (Ossuary)
  A leopard gecko skeleton (D:4)
  2 orc skeletons (D:7)
  4 orc zombies
  10 rats
512 creatures vanquished.

Vanquished Creatures (collateral kills)
  3 ice devils (IceCv)
  A white imp (IceCv)
  2 ufetubi (IceCv)
6 creatures vanquished.

Vanquished Creatures (others)
  A reaper (IceCv)
  2 slaves (D:9)
  A scorpion (Ossuary)
  3 white imps (IceCv)
  4 ufetubi (IceCv)
  3 orcs (D:9)
14 creatures vanquished.

Grand Total: 532 creatures vanquished

Notes
Turn   | Place    | Note
-------+----------+-------------------------------------------
     0 | D:1      | Cykl0x the Formicid Fighter began the quest for the Orb.
     0 | D:1      | Reached XP level 1. HP: 18/18 MP: 1/1
   104 | D:1      | Reached XP level 2. HP: 24/24 MP: 2/2
   424 | D:1      | Reached XP level 3. HP: 29/29 MP: 3/3
  1178 | D:2      | Reached XP level 4. HP: 37/37 MP: 4/4
  1290 | D:2      | Noticed Jessica
  1292 | D:2      | You fall into a shaft and drop 1 floor!
  1407 | D:3      | Reached skill level 1 in Throwing
  1450 | D:2      | Killed Jessica
  1680 | D:2      | Reached XP level 5. HP: 42/42 MP: 5/5
  2354 | D:3      | Reached skill level 3 in Long Blades
  3378 | D:4      | Reached XP level 6. HP: 32/48 MP: 6/6
  3391 | D:4      | Reached skill level 4 in Long Blades
  3648 | D:4      | Noticed Robin
  3674 | D:4      | Killed Robin
  3767 | D:4      | Found Vuracw's Book Shop.
  3874 | D:4      | Noticed an ogre
  3881 | D:4      | HP: 2/48 [ogre/+0 giant spiked club (22)]
  3882 | D:4      | Killed an ogre
  3882 | D:4      | Reached skill level 5 in Long Blades
  3882 | D:4      | Reached skill level 5 in Shields
  3882 | D:4      | Reached XP level 7. HP: 3/54 MP: 7/7
  4420 | D:4      | Noticed Duvessa
  4420 | D:4      | Noticed Dowan
  4434 | D:4      | Killed Duvessa
  4446 | D:4      | Killed Dowan
  4620 | D:4      | Found a runed translucent door.
  4621 | D:4      | Noticed Crazy Yiuf
  4632 | D:4      | Killed Crazy Yiuf
  4640 | D:4      | Got an encrusted mace
  4641 | D:4      | Identified the +6 mace of Xaklis {flame, +Inv Dex+3 Stlth+}
                  | (You found it on level 4 of the Dungeon)
  4824 | D:4      | Reached XP level 8. HP: 58/61 MP: 8/8
  4942 | D:5      | Entered Level 5 of the Dungeon
  4950 | D:5      | Reached skill level 6 in Long Blades
  5003 | D:5      | Reached skill level 1 in Dodging
  5321 | D:5      | Found a staircase to the Ecumenical Temple.
  5327 | D:5      | Found Canepp's Armour Boutique.
  5329 | Temple   | Entered the Ecumenical Temple
  5513 | Temple   | Became a worshipper of the Shining One
  5549 | D:5      | Reached skill level 5 in Armour
  5803 | D:5      | You fall into a shaft and drop 2 floors!
  5842 | D:7      | Reached skill level 1 in Invocations
  5856 | D:7      | Reached skill level 5 in Fighting
  5900 | D:7      | Found a sand-covered staircase.
  5918 | Ossuary  | Entered an ossuary
  6048 | Ossuary  | Reached * piety under the Shining One
  6048 | Ossuary  | Reached skill level 7 in Long Blades
  6306 | Ossuary  | Reached XP level 9. HP: 59/68 MP: 10/10
  6397 | Ossuary  | Reached ** piety under the Shining One
  6720 | Ossuary  | Gained mutation: Armour fits poorly on your strangely
                  | shaped body. [potion of mutation]
  6720 | Ossuary  | Gained mutation: You expend magic power (3 MP) to
                  | strengthen your wands. [potion of mutation]
  6721 | Ossuary  | Lost mutation: Armour fits poorly on your strangely shaped
                  | body. [potion of mutation]
  6721 | Ossuary  | Lost mutation: You expend magic power (3 MP) to strengthen
                  | your wands. [potion of mutation]
  6721 | Ossuary  | Gained mutation: You are robust. (+10% HP) [potion of
                  | mutation]
  6721 | Ossuary  | Gained mutation: You evolve. [potion of mutation]
  6721 | Ossuary  | Gained mutation: Your spells are a little harder to cast,
                  | but a little more powerful. [potion of mutation]
  6819 | D:7      | Noticed a hippogriff
  6827 | D:7      | Killed a hippogriff
  6962 | D:7      | Found a basalt altar of Yredelemnul.
  7008 | D:7      | Reached skill level 8 in Long Blades
  7091 | D:6      | Got a masterwork tower shield
  7107 | D:6      | Identified the cursed +0 tower shield of a volcano {-Cast
                  | +Blink +Fly Dex+7} (You found it on level 6 of the Dungeon)
  7287 | D:5      | Found a runed translucent door.
  7287 | D:5      | Noticed Elkerch's ghost (amateur CeAM)
  7287 | D:5      | Noticed a white ugly thing
  7377 | D:5      | Reached *** piety under the Shining One
  7390 | D:5      | Reached XP level 10. HP: 60/83 MP: 13/13
  7650 | D:5      | Gained mutation: You expend magic power (3 MP) to
                  | strengthen your wands. [evolution]
  7797 | D:6      | Reached skill level 5 in Invocations
  8337 | D:7      | Found a bloodstained altar of Trog.
  8340 | D:7      | Found a glowing silver altar of Zin.
  8342 | D:7      | Found an opulent altar of Gozag.
  8342 | D:7      | Found a snail-covered altar of Cheibriados.
  8344 | D:7      | Found a shadowy altar of Dithmenos.
  8345 | D:7      | Found a stormy altar of Qazlal.
  8347 | D:7      | Found an ancient bone altar of Kikubaaqudgha.
  8492 | D:8      | Reached skill level 9 in Long Blades
  8746 | D:8      | Noticed Joseph
  8760 | D:8      | Killed Joseph
  9267 | D:9      | Found a burning altar of Makhleb.
  9331 | D:9      | Found a radiant altar of Vehumet.
  9339 | D:9      | Noticed Pikel
  9353 | D:9      | Killed Pikel
  9550 | D:9      | Found Zazu's Gadget Shop.
  9550 | D:9      | Found a flagged portal.
  9568 | Bailey   | Entered a bailey
  9714 | Bailey   | Reached XP level 11. HP: 46/89 MP: 16/16
  9715 | Bailey   | Found a burning altar of Makhleb.
 10056 | D:9      | Noticed Harold
 10072 | D:9      | Killed Harold
 10072 | D:9      | Reached skill level 10 in Long Blades
 10361 | D:10     | Entered Level 10 of the Dungeon
 10380 | D:10     | Reached **** piety under the Shining One
 10501 | D:10     | Noticed Psyche
 10502 | D:10     | Noticed Josephine
 10519 | D:10     | Killed Josephine
 10522 | D:10     | Killed Psyche
 10560 | D:10     | Noticed Liesioguti's ghost (journeyman OpAs)
 10563 | D:10     | Found a runed translucent door.
 10581 | D:10     | Killed Liesioguti's ghost
 10581 | D:10     | Reached skill level 11 in Long Blades
 11349 | D:11     | Noticed a brown ugly thing
 11354 | D:11     | Killed a brown ugly thing
 11354 | D:11     | Reached XP level 12. HP: 61/100 MP: 18/18
 12059 | D:11     | Found a staircase to the Orcish Mines.
 12098 | D:11     | Found a transporter.
 12101 | D:11     | Noticed Exporg's ghost (journeyman TrFi)
 12146 | D:11     | Found a transporter.
 12157 | D:11     | Found a staircase to the Lair.
 12222 | D:11     | Noticed a two-headed ogre
 12228 | D:11     | Killed a two-headed ogre
 12278 | D:11     | Reached ***** piety under the Shining One
 12423 | D:11     | Noticed a skeletal warrior
 12423 | D:11     | Noticed a skeletal warrior
 12435 | D:11     | Killed a skeletal warrior
 12436 | D:11     | Noticed a skeletal warrior
 12441 | D:11     | Killed a skeletal warrior
 12447 | D:11     | Killed a skeletal warrior
 12447 | D:11     | Reached skill level 12 in Long Blades
 12692 | D:11     | Noticed a centaur warrior
 12700 | D:11     | Killed a centaur warrior
 13271 | D:12     | Lost mutation: Your spells are a little harder to cast, but
                  | a little more powerful. [evolution]
 13369 | D:12     | Found a frozen archway.
 13383 | IceCv    | Entered an ice cave
 13435 | IceCv    | The Shining One protects you from harm!
 13439 | IceCv    | Killed a reaper
 13983 | IceCv    | Got transparent ice dragon scales
 13994 | IceCv    | Identified the +0 ice dragon scales "Goadghyex" {rF- rC++
                  | Dex+5 Stlth+} (You found it in an ice cave)
 14000 | IceCv    | Got a brightly glowing jade amulet
 14007 | IceCv    | Identified the amulet of Qeaptor {Acrobat MP+9} (You found
                  | it in an ice cave)
 14505 | D:12     | Reached skill level 10 in Invocations
 14505 | D:12     | Reached XP level 13. HP: 65/107 MP: 20/20
 14713 | D:12     | Reached skill level 1 in Stealth
 14746 | D:12     | Noticed a four-headed hydra
 14755 | D:12     | Killed a four-headed hydra
 14755 | D:12     | Reached skill level 5 in Throwing
 14755 | D:12     | Reached skill level 10 in Shields
 14760 | D:12     | Reached skill level 1 in Maces & Flails
 15304 | D:12     | Reached skill level 13 in Long Blades
 16072 | D:13     | Noticed a centaur warrior
 16078 | D:13     | Killed a centaur warrior
 16725 | D:13     | Reached XP level 14. HP: 88/118 MP: 21/21
 17134 | D:14     | Found a gate to the Vaults.
 17145 | D:14     | Reached skill level 14 in Long Blades
 18117 | D:4      | Bought a manual of Long Blades for 1214 gold pieces
 18400 | D:14     | Identified the Tome of Changing and Lightness
 18608 | D:14     | Reached skill level 15 in Long Blades
 18619 | D:14     | Reached skill level 10 in Fighting
 19257 | D:14     | Reached XP level 15. HP: 78/126 MP: 22/22
 19291 | D:14     | Got a pair of ichor-stained boots
 19297 | D:14     | Identified the cursed -3 pair of boots of Infinity {rN+
                  | Str-3 Slay+5 SInv} (You found it on level 14 of the
                  | Dungeon)
 19328 | D:14     | Reached skill level 16 in Long Blades
 19417 | D:15     | Entered Level 15 of the Dungeon
 19427 | D:15     | Reached skill level 10 in Armour
 19445 | D:15     | Found a white marble altar of Elyvilon.
 19587 | D:15     | Killed from afar by a meliai

Illustrated notes

Levels and vault maps discovered:
D:1:      dpeg_arrival_simpleton_a, layout_basic, minmay_hexomino_f4
D:2:      layout_basic, skrybe_limestone_x, uniq_jessica
D:3:      layout_basic, first_ration, minmay_snake_closets
D:4:      layout_cave_pools, serial_shops, shop, uniq_robin,
          uniq_crazy_yiuf_cottage, uniq_duvessa
D:5:      layout_gridville, minmay_temple_entry_statues_fountains,
          ebering_ghost_inner_flame, serial_shops, nicolae_shop_waterfront,
          corexii_shack, minmay_fractal_squares_5
D:6:      layout_cave_pools, minivault_25
D:7:      layout_rooms, minitemple, nicolae_ossuary_entry_catacombs
D:8:      layout_loops_ring, kennysheep_small_circle, uniq_joseph
D:9:      layout_roguey, nicolae_overflow_hidden_temple, serial_shops, shop,
          basic_altar, enter_bailey_2, uniq_harold, uniq_pikel
D:10:     layout_basic, hellmonk_ghost_happy_afterlife, hangedman_fish_farm,
          hangedman_decor_push, minmay_misc_feat_tiny,
          chequers_serial_rivers_small_b, uniq_psyche, uniq_josephine
D:11:     layout_basic, lair_entry_dummy, erik_orc_4, gammafunk_ghost_stat_death
D:12:     minmay_the_grid_3x2 [minmay_the_grid_plusring, minmay_the_grid_fan,
          minmay_the_grid_tree, minmay_the_grid_paths, minmay_the_grid_doors,
          minmay_the_grid_prize_inner_circle], layout_long_grid, special_room
          [special_room_bee], portal_ice_cave_entry_pillars_1,
          corexii_corridor_pit, drop_trap
D:13:     layout_roguey, gauntlet_entry_generic, hangedman_aviary
D:14:     minmay_two_paths, layout_long_grid, david_vaults_5, solitary_fountain
D:15:     grunt_enter_depths_hoard, layout_stronghold, serial_column_ruins,
          column_ruins_hut, column_ruins_hut, column_ruins_grid_1,
          column_ruins_open_tiny, column_ruins_open_medium, column_ruins_grid_1,
          ebering_ghost_gozag, elyvilon_altar_3,
          minmay_shop_enchanted_jewellery, minmay_misc_feat_nine_boxes, tgw_sif
Temple:   nicolae_temple_figure_eight

Skill      XL: |  1  2  3  4  5  6  7  8  9 10 11 12 13 14 15 |
---------------+----------------------------------------------+-----
Shields        | 4 5 6 7 8 9 11 12 | 12.5
Throwing       | 1 2 3 4 5 6 |  6.3
Long Blades    | 3 5 7 8 9 11 12 13 15 16 | 16.2
Fighting       | 4 5 6 7 8 9 10 | 10.4
Armour         | 4 5 6 7 8 9 10 | 10.0
Dodging        | 1 2 3 4 |  4.3
Invocations    | 2 4 7 8 10 | 10.0
Stealth        | 1 |  1.8
Maces & Flails | 1 |  1.8
Unarmed Combat | |  0.3
Evocations     | |  0.9

Action                   |  1- 3 |  4- 6 |  7- 9 | 10-12 | 13-15 || total
-------------------------+-------+-------+-------+-------+-------++-------
Melee: Long sword        |    95 |   203 |   313 |       |       ||   611
       Great sword       |       |       |    47 |   410 |   459 ||   916
       Falchion          |       |       |    12 |       |       ||    12
       Unarmed           |       |       |       |     5 |       ||     5
       Mace              |       |       |       |       |     8 ||     8
       Scimitar          |       |       |       |       |     9 ||     9
Throw: Stone             |    24 |    72 |    50 |    10 |       ||   156
       Javelin           |       |       |     4 |    33 |       ||    37
       Boomerang         |       |       |       |    56 |    70 ||   126
Invok: Summon Divine War |       |       |       |     2 |       ||     2
       Divine Shield     |       |       |       |       |     2 ||     2
 Abil: Dig               |     2 |     7 |     6 |    13 |     5 ||    33
       Evoke Flight      |       |       |       |     5 |       ||     5
       Stop Flying       |       |       |       |     4 |       ||     4
Evoke: Wand              |       |       |       |       |     2 ||     2
  Use: Scroll            |     5 |    10 |     7 |     4 |     5 ||    31
       Potion            |       |     1 |     2 |     2 |     4 ||     9
  Eat: Chunk             |     1 |    10 |     9 |    10 |    18 ||    48
       Ration            |       |       |     1 |     5 |       ||     6
Armor: Scale mail        |    44 |    56 |    90 |    53 |       ||   243
       Chain mail        |       |       |       |    40 |   159 ||   199
Dodge: Dodged            |    37 |    53 |    83 |    89 |   164 ||   426
Block: Kite shield       |    56 |   111 |   166 |       |   125 ||   458
       Tower shield      |       |       |    41 |   376 |   346 ||   763
       Reflection        |       |       |       |       |    13 ||    13
       Rpst.: Long sword |    12 |    20 |    22 |       |       ||    54
       Great sword       |       |       |     4 |    20 |    27 ||    51
       Scimitar          |       |       |       |       |     2 ||     2
